 Dungeon Crawl Stone Soup version 0.20.1-1-g8b1a95d (webtiles) character file.

119 Andry07 the Skirmisher (level 5, -1/36 HPs)
             Began as a Gargoyle Fighter on Oct 4, 2017.
             Slain by Sigmund
             ... wielding a +0 scythe
              (5 damage)
             ... on level 2 of the Dungeon.
             The game lasted 00:01:41 (1172 turns).

Andry07 the Skirmisher (Gargoyle Fighter)           Turns: 1172, Time: 00:01:42

Health: -1/36      AC: 10    Str: 20    XL:     5   Next: 3%
Magic:  5/5        EV:  7    Int:  9    God:
Gold:   32         SH:  9    Dex:  9    Spells: 4/4 levels left

rFire    . . .     SeeInvis .   a - +0 flail
rCold    . . .     Gourm    .   c - +0 shield
rNeg     + . .     Faith    .   b - +0 scale mail
rPois    ∞         Spirit   .   (no helmet)
rElec    +         Reflect  .   (no cloak)
rCorr    .         Harm     .   (no gloves)
MR       .....                  (no boots)
Stlth    ..........             (no amulet)
Regen    0.2/turn               (no ring)
MPRegen  0.1/turn               (no ring)

@: no status effects
A: negative energy resistance 1, electricity resistance, unbreathing,
petrification resistance, rot immunity, AC +4
a: no special abilities


You were on level 2 of the Dungeon.
You were very hungry.

You visited 1 branch of the dungeon, and saw 2 of its levels.

You collected 32 gold pieces.

Inventory:

Hand Weapons
 a - a +0 flail (weapon)
Armour
 b - a +0 scale mail (worn)
 c - a +0 shield (worn)
Jewellery
 g - an uncursed ring of see invisible {unknown}
Scrolls
 e - 8 scrolls of teleportation {unknown}
 h - a scroll of noise {unknown}
 i - a scroll of random uselessness {unknown}
 n - a scroll of enchant weapon {unknown}
Potions
 d - a potion of might
 j - 2 potions of haste {unknown}
 k - 2 potions of mutation {unknown}
 l - a potion of berserk rage {unknown}
 m - a potion of degeneration {unknown}
 o - a potion of curing {unknown}
Comestibles
 f - 4 bread rations


   Skills:
 + Level 6.0 Fighting
 - Level 2.0 Maces & Flails
 - Level 3.2 Armour
 - Level 3.2 Shields


You had 4 spell levels left.
You didn't know any spells.

Dungeon Overview and Level Annotations

Branches:
Dungeon (2/15)

Altars:

Annotations:
D:2 Sigmund


Innate Abilities, Weirdness & Mutations

You are resistant to torment.
Your stone body is resilient. (AC +4)
You are immune to poison.
You resist negative energy. (rN+)
You are resistant to electric shocks. (rElec)
You can survive without breathing.
You are immune to petrification.
You are immune to rotting.


Message History

You see here a bat corpse.
You hear some strange, mumbled words.
A puff of flame appears from out of thin air!
The puff of flame hits you! Something hits you.
You bump into the rock wall.
Something hits you but does no damage.
You're too confused to move!
You feel less confused. Something hits you but does no damage.
You see here a bat corpse.
You closely miss something. Something hits you.
You closely miss something. You block something's attack.
You miss something. Something hits you.
You hit something. Something hits you.
You closely miss something. Something hits you but does no damage.
You hit something but do no damage. Something hits you!
* * * LOW HITPOINT WARNING * * *
You closely miss something. You miss something. Something hits you.
You die...

....)..###(...♣..♣
###.......♣♣♣..
..#.###.♣..♣..♣ #.#.#
#♣♣♣...♣♣ #.#.#
#.♣..♣..♣ ##
####.#.###...♣♣♣.. #..
#..........♣..♣.(♣
###...#.##.#)###♣♣♣)..♣♣
#.....{@...#.....♣(.♣..♣
#.#...#.########.)(♣♣♣..
#.#####.###..(...##.♣..♣
#.........#......###..♣♣
#######>..'............♣
###.#......#####..
#.#......# #..
#.#......# #..
#.#......# #..


There were no monsters in sight!

Vanquished Creatures
  Natasha (D:2)
  Terence (D:2)
  Robin (D:2)
  An adder (D:2)
  An ooze (D:1)
  A worm (D:2)
  4 bats
  A giant cockroach (D:1)
  14 goblins
  6 hobgoblins
  4 kobolds
  A quokka (D:2)
  A ball python (D:1)
  2 rats (D:1)
39 creatures vanquished.

Notes
Turn   | Place    | Note
-------+----------+-------------------------------------------
     0 | D:1      | Andry07 the Gargoyle Fighter began the quest for the Orb.
     0 | D:1      | Reached XP level 1. HP: 14/14 MP: 1/1
   208 | D:1      | Reached XP level 2. HP: 18/20 MP: 2/2
   246 | D:1      | Reached skill level 4 in Fighting
   392 | D:1      | You fall through a shaft!
   407 | D:2      | Reached XP level 3. HP: 16/24 MP: 3/3
   423 | D:2      | Noticed Terence
   439 | D:2      | Killed Terence
   439 | D:2      | Reached skill level 5 in Fighting
   460 | D:2      | Noticed Robin
   474 | D:2      | Killed Robin
   474 | D:2      | Reached XP level 4. HP: 21/31 MP: 4/4
   775 | D:2      | Noticed Natasha
   781 | D:2      | Killed Natasha
   781 | D:2      | Reached skill level 6 in Fighting
   863 | D:2      | Reached XP level 5. HP: 36/36 MP: 5/5
  1151 | D:2      | Noticed Sigmund
  1172 | D:2      | Slain by Sigmund

Skill      XL: |  1  2  3  4 |
---------------+-------------+-----
Fighting       | 4 5 6 |  6.0
Maces & Flails | |  2.0
Armour         | |  3.2
Shields        | |  3.2

Action                   |  1- 3 |  4- 6 || total
-------------------------+-------+-------++-------
Melee: Flail             |   107 |    62 ||   169
Armor: Scale mail        |    64 |    56 ||   120
Dodge: Dodged            |    27 |    26 ||    53
Block: Shield            |    62 |    42 ||   104
